| TOP OF THE 1ST |
|
Rochester Red Wings batting - Pitching for Pawtucket Red Sox : RHP Graham Jackson
|
|
Pitching: RHP Graham Jackson
|
|
|
Batting: RHB Joe Young
|
0-0: Called Strike 0-1: DOUBLE (Line Drive, 7LS, EV 92.5 MPH)
|
|
Batting: SHB Ian Thompson
|
0-0: Called Strike 0-1: Foul Ball, location: 2F 0-2: Ball 1-2: Foul Ball, location: 2F 1-2: Strikes out looking
|
|
Batting: LHB Kuemon Shishido
|
0-0: Ball 1-0: Ball 2-0: Called Strike 2-1: Called Strike 2-2: Foul Ball, location: 2F 2-2: Ground out 4-3 (Groundball, 34S, EV 79.4 MPH) Joe Young to third
|
|
Batting: SHB Dan Morataya
|
0-0: Ball 1-0: Ground out 4-3 (Groundball, 4, EV 82.5 MPH)
|
| Top of the 1st over - 0 runs, 1 hit, 0 errors, 1 left on base; Rochester 0 - Pawtucket 0 |
| BOTTOM OF THE 1ST |
|
Pawtucket Red Sox batting - Pitching for Rochester Red Wings : LHP Willie Jimenez
|
|
Pitching: LHP Willie Jimenez
|
|
|
Batting: RHB Andy Garvin
|
0-0: Ball 1-0: Ball 2-0: Foul Ball, location: 2F 2-1: Ball 3-1: Base on Balls
|
|
Batting: RHB Brandon Perris
|
0-0: Called Strike 0-1: Swinging Strike 0-2: Ball 1-2: Strikes out swinging
|
|
Batting: RHB Jose Diaz
|
0-0: Fly out, F7 (Flyball, 7S, EV 86.2 MPH)
|
|
Batting: RHB Roberto Morales
|
0-0: Foul Ball, location: 2F 0-1: Ball 1-1: Foul Ball, location: 2F 1-2: Ball 2-2: Ball 3-2: Base on Balls Andy Garvin to second
|
|
Batting: RHB Ernie Genier
|
0-0: Ball 1-0: Foul Ball, location: 2F 1-1: Fielders Choice at 2nd, 6-4 (Groundball, 6D, EV 88.1 MPH)
|
| Bottom of the 1st over - 0 runs, 0 hits, 0 errors, 2 left on base; Rochester 0 - Pawtucket 0 |
| TOP OF THE 2ND |
|
Rochester Red Wings batting - Pitching for Pawtucket Red Sox : RHP Graham Jackson
|
|
Batting: LHB Harris Vink
|
0-0: Foul Ball, location: 2F 0-1: Ball 1-1: Ball 2-1: Ball 3-1: Swinging Strike 3-2: Base on Balls
|
|
Batting: LHB Chris Munguia
|
0-0: Called Strike Harris Vink steals 2nd base 0-1: Swinging Strike 0-2: Ball 1-2: Strikes out looking
|
|
Batting: RHB Manuel Juarez
|
0-0: Called Strike 0-1: Ball 1-1: Ball 2-1: Ball Harris Vink is caught stealing 3rd base 2-5 3-1: Foul Ball, location: 2F 3-2: Foul Ball, location: 2F 3-2: Ground out 4-3 (Groundball, 4, EV 106.9 MPH)
|
| Top of the 2nd over - 0 runs, 0 hits, 0 errors, 0 left on base; Rochester 0 - Pawtucket 0 |
| BOTTOM OF THE 2ND |
|
Pawtucket Red Sox batting - Pitching for Rochester Red Wings : LHP Willie Jimenez
|
|
Batting: RHB Neil Mautone
|
0-0: Called Strike 0-1: Fly out, F8 (Line Drive, 8RM, EV 106.2 MPH)
|
|
Batting: RHB Rodolfo Contreras
|
0-0: Ball 1-0: SINGLE (Groundball, 56S, EV 68.8 MPH) (infield hit)
|
|
Batting: RHB Sal Rivera
|
0-0: Ball 1-0: Fielders Choice at 2nd, 6-4 (Groundball, 6MS, EV 85.6 MPH)
|
|
Batting: RHB Carlos Nolasco
|
0-0: Ball 1-0: Called Strike 1-1: Called Strike 1-2: Ground out 4-3 (Groundball, 34, EV 98.1 MPH)
|
| Bottom of the 2nd over - 0 runs, 1 hit, 0 errors, 1 left on base; Rochester 0 - Pawtucket 0 |
| TOP OF THE 3RD |
|
Rochester Red Wings batting - Pitching for Pawtucket Red Sox : RHP Graham Jackson
|
|
Batting: RHB Ryan Gautney
|
0-0: Ball 1-0: Ground out U3 (Groundball, 34, EV 100.0 MPH)
|
|
Batting: RHB Mike Craver
|
0-0: Ball 1-0: Reached on error, E1 (Groundball, 15S, EV 66.2 MPH)
|
|
Batting: RHB Joe Young
|
0-0: Foul Ball, location: 2F 0-1: Ball 1-1: Foul Ball, location: 2F 1-2: Ground out 5-3 (Groundball, 56S, EV 76.9 MPH) Mike Craver to second
|
|
Batting: SHB Ian Thompson
|
0-0: Ball 1-0: Ball 2-0: Ball 3-0: Base on Balls
|
|
Batting: LHB Kuemon Shishido
|
0-0: Ball 1-0: Ball 2-0: Ball 3-0: Called Strike 3-1: Fly out, F7 (Flyball, 7LM, EV 88.8 MPH)
|
| Top of the 3rd over - 0 runs, 0 hits, 1 error, 2 left on base; Rochester 0 - Pawtucket 0 |
| BOTTOM OF THE 3RD |
|
Pawtucket Red Sox batting - Pitching for Rochester Red Wings : LHP Willie Jimenez
|
|
Batting: RHB Andy Garvin
|
0-0: Ball 1-0: Ground out 3-1 (Groundball, 34, EV 87.5 MPH)
|
|
Batting: RHB Brandon Perris
|
0-0: Ball 1-0: Fly out, F7 (Flyball, 7D, EV 86.2 MPH)
|
|
Batting: RHB Jose Diaz
|
0-0: Ball 1-0: Called Strike 1-1: Ball 2-1: Fly out, F8 (Flyball, 8RXD, EV 108.1 MPH)
|
| Bottom of the 3rd over - 0 runs, 0 hits, 0 errors, 0 left on base; Rochester 0 - Pawtucket 0 |
| TOP OF THE 4TH |
|
Rochester Red Wings batting - Pitching for Pawtucket Red Sox : RHP Graham Jackson
|
|
Batting: SHB Dan Morataya
|
0-0: Foul Ball, location: 2F 0-1: Swinging Strike 0-2: Ball 1-2: Foul Ball, location: 2F 1-2: Strikes out swinging
|
|
Batting: LHB Harris Vink
|
0-0: Ball 1-0: Foul Ball, location: 2F 1-1: Called Strike 1-2: Ball 2-2: Ball 3-2: Foul Ball, location: 2F 3-2: Base on Balls
|
|
Batting: LHB Chris Munguia
|
0-0: Swinging Strike 0-1: Ground out 6-3 (Groundball, 4, EV 86.2 MPH) Harris Vink to second
|
|
Batting: RHB Manuel Juarez
|
0-0: Ball 1-0: Ball 2-0: Called Strike 2-1: Ground out 5-3 (Groundball, 56S, EV 71.2 MPH)
|
| Top of the 4th over - 0 runs, 0 hits, 0 errors, 1 left on base; Rochester 0 - Pawtucket 0 |
| BOTTOM OF THE 4TH |
|
Pawtucket Red Sox batting - Pitching for Rochester Red Wings : LHP Willie Jimenez
|
|
Batting: RHB Roberto Morales
|
0-0: SINGLE (Groundball, 6D, EV 108.8 MPH)
|
|
Batting: RHB Ernie Genier
|
0-0: Ball 1-0: Called Strike Roberto Morales steals 2nd base 1-1: Called Strike 1-2: Foul Ball, location: 2F 1-2: Ball 2-2: Strikes out looking
|
|
Batting: RHB Neil Mautone
|
0-0: Ball 1-0: Ball 2-0: Ball 3-0: Called Strike 3-1: Base on Balls
|
|
Batting: RHB Rodolfo Contreras
|
0-0: Swinging Strike 0-1: Foul Ball, location: 2F 0-2: Ball 1-2: Strikes out swinging
|
|
Batting: RHB Sal Rivera
|
0-0: Ball 1-0: Swinging Strike 1-1: Ball 2-1: Ball 3-1: Called Strike 3-2: Foul Ball, location: 2F 3-2: Base on Balls Roberto Morales to third Neil Mautone to second
|
|
Batting: RHB Carlos Nolasco
|
0-0: GRAND SLAM HOME RUN (Flyball, 7LD, EV 94.4 MPH), Distance : 373 ft
|
|
Batting: RHB Andy Garvin
|
0-0: Ball 1-0: Ball 2-0: Ball 3-0: Base on Balls
|
|
Batting: RHB Brandon Perris
|
0-0: Called Strike 0-1: Foul Ball, location: 2F 0-2: Ball 1-2: Strikes out looking
|
| Bottom of the 4th over - 4 runs, 2 hits, 0 errors, 1 left on base; Rochester 0 - Pawtucket 4 |
| TOP OF THE 5TH |
|
Rochester Red Wings batting - Pitching for Pawtucket Red Sox : RHP Graham Jackson
|
|
Batting: RHB Ryan Gautney
|
0-0: Called Strike 0-1: Ball 1-1: Called Strike 1-2: Foul Ball, location: 2F 1-2: Strikes out swinging
|
|
Batting: RHB Mike Craver
|
0-0: Called Strike 0-1: Ball 1-1: SINGLE (Line Drive, 8RS, EV 91.2 MPH)
|
|
Batting: RHB Joe Young
|
0-0: Ball 1-0: Ball Mike Craver steals 2nd base 2-0: Ball 3-0: Ground out 5-3 (Groundball, 56, EV 111.9 MPH)
|
|
Batting: SHB Ian Thompson
|
0-0: Ball 1-0: Ball 2-0: Ball 3-0: Called Strike 3-1: Foul Ball, location: 2F 3-2: Fly out, F9 (Flyball, 9LD, EV 97.5 MPH)
|
| Top of the 5th over - 0 runs, 1 hit, 0 errors, 1 left on base; Rochester 0 - Pawtucket 4 |
| BOTTOM OF THE 5TH |
|
Pawtucket Red Sox batting - Pitching for Rochester Red Wings : LHP Willie Jimenez
|
|
Batting: RHB Jose Diaz
|
0-0: Ground out 5-3 (Groundball, 56, EV 88.1 MPH)
|
|
Batting: RHB Roberto Morales
|
0-0: Called Strike 0-1: Foul Ball, location: 2F 0-2: Foul Ball, location: 2F 0-2: Fly out, F7 (Line Drive, 7, EV 86.9 MPH)
|
|
Batting: RHB Ernie Genier
|
0-0: Foul Ball, location: 2F 0-1: Foul Ball, location: 2F 0-2: Ball 1-2: Foul Ball, location: 2F 1-2: Foul Ball, location: 2F 1-2: Strikes out swinging
|
| Bottom of the 5th over - 0 runs, 0 hits, 0 errors, 0 left on base; Rochester 0 - Pawtucket 4 |
| TOP OF THE 6TH |
|
Rochester Red Wings batting - Pitching for Pawtucket Red Sox : RHP Graham Jackson
|
|
Batting: LHB Kuemon Shishido
|
0-0: Ball 1-0: Ball 2-0: Swinging Strike 2-1: Ground out 4-3 (Groundball, 4, EV 83.1 MPH)
|
|
Batting: SHB Dan Morataya
|
0-0: Ball 1-0: Called Strike 1-1: Swinging Strike 1-2: SINGLE (Flyball, 8LS, EV 95.0 MPH)
|
|
Batting: LHB Harris Vink
|
0-0: Ball Dan Morataya steals 2nd base 1-0: Ball 2-0: Fly out, F7 (Line Drive, 7LM, EV 88.8 MPH)
|
|
Batting: LHB Chris Munguia
|
0-0: Called Strike 0-1: Called Strike 0-2: Ball 1-2: Ball 2-2: Ball 3-2: Foul Ball, location: 2F 3-2: 2-RUN HOME RUN (Flyball, 9LD, EV 94.4 MPH), Distance : 365 ft
|
|
Batting: RHB Manuel Juarez
|
0-0: Called Strike 0-1: Ball 1-1: Swinging Strike 1-2: Ball 2-2: DOUBLE (Line Drive, 89D, EV 104.4 MPH)
|
|
Pitching: RHP Billy Fitzgerald
|
|
|
Batting: RHB Ryan Gautney
|
0-0: Called Strike 0-1: Ball 1-1: Ground out 5-3 (Groundball, 56, EV 82.5 MPH)
|
| Top of the 6th over - 2 runs, 3 hits, 0 errors, 1 left on base; Rochester 2 - Pawtucket 4 |
| BOTTOM OF THE 6TH |
|
Pawtucket Red Sox batting - Pitching for Rochester Red Wings : LHP Willie Jimenez
|
|
Batting: RHB Neil Mautone
|
0-0: Foul Ball, location: 2F 0-1: Foul Ball, location: 2F 0-2: Ball 1-2: Ball 2-2: Strikes out swinging
|
|
Batting: RHB Rodolfo Contreras
|
0-0: Ball 1-0: Ball 2-0: Ground out 5-3 (Groundball, 5, EV 92.5 MPH)
|
|
Batting: RHB Sal Rivera
|
0-0: Ball 1-0: Ground out 6-3 (Groundball, 6, EV 98.1 MPH)
|
| Bottom of the 6th over - 0 runs, 0 hits, 0 errors, 0 left on base; Rochester 2 - Pawtucket 4 |
| TOP OF THE 7TH |
|
Rochester Red Wings batting - Pitching for Pawtucket Red Sox : RHP Billy Fitzgerald
|
|
Batting: RHB Mike Craver
|
0-0: SINGLE (Line Drive, 8LS, EV 90.0 MPH)
|
|
Batting: RHB Joe Young
|
0-0: Ball 1-0: Sac Bunt to 2R - play at first, batter OUT! 2-3 Mike Craver to second
|
|
Batting: SHB Ian Thompson
|
0-0: Ball 1-0: Ball 2-0: Ball 3-0: Called Strike 3-1: Swinging Strike 3-2: Base on Balls
|
|
Batting: LHB Kuemon Shishido
|
0-0: Called Strike 0-1: Fly out, F7 (Flyball, 7LS, EV 75.6 MPH)
|
|
Batting: SHB Dan Morataya
|
0-0: Ball 1-0: Called Strike 1-1: Ground out 4-3 (Groundball, 4, EV 89.4 MPH)
|
| Top of the 7th over - 0 runs, 1 hit, 0 errors, 2 left on base; Rochester 2 - Pawtucket 4 |
| BOTTOM OF THE 7TH |
|
Pawtucket Red Sox batting - Pitching for Rochester Red Wings : LHP Willie Jimenez
|
|
Batting: RHB Carlos Nolasco
|
0-0: Ball 1-0: Foul Ball, location: 2F 1-1: Ball 2-1: Called Strike 2-2: Ball 3-2: Strikes out swinging
|
|
Batting: RHB Andy Garvin
|
0-0: Called Strike 0-1: SINGLE (Groundball, 3, EV 95.6 MPH)
|
|
Batting: RHB Brandon Perris
|
0-0: Called Strike 0-1: DOUBLE (Flyball, 8LXD, EV 101.9 MPH) Andy Garvin to third Runner from 3rd tries for Home, SAFE, throw by CF to home
|
|
Pitching: LHP Brian Rhyne
|
|
|
Batting: RHB Jose Diaz
|
0-0: Ground out 5-3 (Groundball, 56, EV 98.8 MPH)
|
|
Batting: RHB Roberto Morales
|
0-0: Called Strike 0-1: Ball 1-1: Foul Ball, location: 2F 1-2: DOUBLE (Flyball, 89D, EV 101.2 MPH) Brandon Perris scores
|
|
Batting: RHB Ernie Genier
|
0-0: Fly out, F3 (Popup, 3F, EV 61.9 MPH)
|
| Bottom of the 7th over - 2 runs, 3 hits, 0 errors, 1 left on base; Rochester 2 - Pawtucket 6 |
| TOP OF THE 8TH |
|
Rochester Red Wings batting - Pitching for Pawtucket Red Sox : RHP Billy Fitzgerald
|
|
Batting: LHB Harris Vink
|
0-0: Ball 1-0: Foul Ball, location: 2F 1-1: Foul Ball, location: 2F 1-2: Ball 2-2: Foul Ball, location: 2F 2-2: Ground out 4-3 (Groundball, 4M, EV 84.4 MPH)
|
|
Batting: LHB Chris Munguia
|
0-0: Called Strike 0-1: Ball 1-1: Ball 2-1: SOLO HOME RUN (Flyball, 9D, EV 97.5 MPH), Distance : 376 ft
|
|
Batting: RHB Manuel Juarez
|
0-0: Called Strike 0-1: Ball 1-1: Swinging Strike 1-2: Foul Ball, location: 2F 1-2: Strikes out swinging
|
|
Batting: RHB Ryan Gautney
|
0-0: Foul Ball, location: 2F 0-1: Foul Ball, location: 2F 0-2: Foul Ball, location: 2F 0-2: Foul Ball, location: 2F 0-2: Hit by Pitch
|
|
Pitching: RHP Jim Whiteman
|
|
|
Batting: RHB Mike Craver
|
0-0: Called Strike 0-1: Called Strike 0-2: Ground out 5-3 (Groundball, 56S, EV 93.1 MPH)
|
| Top of the 8th over - 1 run, 1 hit, 0 errors, 1 left on base; Rochester 3 - Pawtucket 6 |
| BOTTOM OF THE 8TH |
|
Pawtucket Red Sox batting - Pitching for Rochester Red Wings : LHP Brian Rhyne
|
|
Batting: RHB Neil Mautone
|
0-0: Ball 1-0: Ball 2-0: Swinging Strike 2-1: Foul Ball, location: 2F 2-2: Ball 3-2: Base on Balls
|
|
Batting: RHB Rodolfo Contreras
|
0-0: Ball 1-0: Sac Bunt to 15S - play at first, batter OUT! 1-3 Neil Mautone to second
|
|
Batting: RHB Sal Rivera
|
0-0: Foul Ball, location: 2F 0-1: Ball 1-1: Single, Error in OF, E7, batter to second base (Line Drive, 78S, EV 90.0 MPH) Neil Mautone scores
|
|
Batting: RHB Carlos Nolasco
|
0-0: Ball 1-0: Ground out 6-3 (Groundball, 6S, EV 74.4 MPH) Sal Rivera to third
|
|
Batting: RHB Andy Garvin
|
0-0: Ball 1-0: Ball 2-0: Ball 3-0: Base on Balls
|
|
Batting: RHB Brandon Perris
|
0-0: Ball 1-0: Foul Ball, location: 2F 1-1: Ball 2-1: Foul Ball, location: 2F 2-2: Strikes out looking
|
| Bottom of the 8th over - 1 run, 1 hit, 1 error, 2 left on base; Rochester 3 - Pawtucket 7 |
| TOP OF THE 9TH |
|
Rochester Red Wings batting - Pitching for Pawtucket Red Sox : RHP Jim Whiteman
|
|
Batting: RHB Joe Young
|
0-0: Ball 1-0: Ball 2-0: Foul Ball, location: 2F 2-1: Foul Ball, location: 2F 2-2: TRIPLE (Groundball, 3L, EV 101.2 MPH)
|
|
Batting: SHB Ian Thompson
|
0-0: Called Strike 0-1: Ball 1-1: Swinging Strike 1-2: Strikes out looking
|
|
Batting: LHB Kuemon Shishido
|
0-0: Ball 1-0: Ball 2-0: Ground out 4-3 (Groundball, 34D, EV 89.4 MPH) Joe Young scores
|
|
Batting: SHB Dan Morataya
|
0-0: Ball 1-0: Swinging Strike 1-1: Called Strike 1-2: Ball 2-2: TRIPLE (Line Drive, 8LXD, EV 105.0 MPH)
|
|
Batting: LHB Harris Vink
|
0-0: Called Strike 0-1: Foul Ball, location: 2F 0-2: Strikes out looking
|
| Top of the 9th over - 1 run, 2 hits, 0 errors, 1 left on base; Rochester 4 - Pawtucket 7 |
|